 Dungeon Crawl Stone Soup version 0.24.0-3-g28a8eb0610 (webtiles) character file.

Game seed: 10041451489530939452, levelgen mode: deterministic

87 thelollipopguild the Shield-Bearer (level 4, -4/40 HPs)
             Began as a Minotaur Fighter on Nov 1, 2019.
             Slain by a worm (7 damage)
             ... on level 3 of the Dungeon.
             The game lasted 00:11:00 (2025 turns).

thelollipopguild the Shield-Bearer (MiFi)           Turns: 2025, Time: 00:11:00

Health: -4/40      AC:  9    Str: 22    XL:     4   Next: 28%
Magic:  3/3        EV:  5    Int:  5    God:
Gold:   87         SH:  9    Dex:  9    Spells: 3/3 levels left

rFire    . . .     SeeInvis .   a - +0 war axe
rCold    . . .     Gourm    .   c - +0 shield
rNeg     . . .     Faith    .   j - +0 chain mail
rPois    .         Spirit   .   (helmet restricted)
rElec    .         Reflect  .   (no cloak)
rCorr    .         Harm     .   (no gloves)
MR       .....                  (no boots)
Stlth    ..........             (no amulet)
HPRegen  0.13/turn              (no ring)
MPRegen  0.08/turn              (no ring)

@: lethally poisoned (-4 -> -23)
A: retaliatory headbutt, horns 2
a: no special abilities


You were on level 3 of the Dungeon.
You were not hungry.

You visited 1 branch of the dungeon, and saw 3 of its levels.

You collected 87 gold pieces.

Inventory:

Hand Weapons
 a - a +0 war axe (weapon)
Armour
 c - a +0 shield (worn)
 j - a +0 chain mail (worn)
Jewellery
 l - a +4 amulet of reflection {unknown}
 m - an uncursed ring of fire {unknown}
Scrolls
 b - a scroll of remove curse {unknown}
 e - a scroll of immolation {unknown}
 g - 2 scrolls of identify {unknown}
 i - 4 scrolls of teleportation {unknown}
 o - a scroll of random uselessness {unknown}
Potions
 d - a potion of might
 h - a potion of curing
 k - a potion of resistance {unknown}
 n - a potion of mutation {unknown}
 p - a potion of invisibility {unknown}
Comestibles
 f - 3 rations


   Skills:
 + Level 4.2 Fighting
 * Level 4.0 Axes
 + Level 4.2 Armour
 + Level 4.2 Shields


You had 3 spell levels left.
You didn't know any spells.
Your spell library was empty.

Dungeon Overview and Level Annotations

Branches:
Dungeon (3/15)

Altars:

Annotations:
D:3 Grinder, Ijyb, Sigmund


Innate Abilities, Weirdness & Mutations

You reflexively headbutt those who attack you in melee.
You have a pair of horns on your head.


Message History

Sigmund looks at you with fury.
Sigmund hits you from afar with a +2 scythe of venom.
You are more poisoned.
You feel very sick.
You feel sick.
* * * LOW HITPOINT WARNING * * *
You feel sick.
Ijyb shouts!
An adder comes into view.
* * * LOW HITPOINT WARNING * * *
You feel sick. You block the worm's attack.
* * * LOW HITPOINT WARNING * * *
You feel sick.
* * * LOW HITPOINT WARNING * * *
You feel sick. Sigmund gestures at you while chanting. The magic dart hits you.
* * * LOW HITPOINT WARNING * * *
The worm bites you!
You die...

#.# ##### #.# ....#
#.###### §§ #.#
#......######..###
#<#
#....#...l..?.....
#÷#
#.##..@######..##
#.# #.####.# #.....
#.# #.# #@###.#.###
#.# #.# #.#...@....#
#.###.#..###.w.....#
#.....#.# #.##Sg..##
####### #######. #.#
#...## #.##.#. # #.
...... #.##.#. .
......# #.##?#. #.
.#.#..######....#. #
#. ................
# #..............


You could see Sigmund, Ijyb, a worm and an adder.

Vanquished Creatures
  Natasha (D:3)
  A gnoll (D:1)
  An adder (D:2)
  A ball python (D:2)
  7 bats
  5 giant cockroaches
  3 goblins
  7 hobgoblins
  8 jackals (D:2)
  A quokka (D:2)
  A frilled lizard (D:1)
36 creatures vanquished.

Notes
Turn   | Place    | Note
-------+----------+-------------------------------------------
     0 | D:1      | thelollipopguild the Minotaur Fighter began the quest for
                  | the Orb.
     0 | D:1      | Reached XP level 1. HP: 19/19 MP: 0/0
   208 | D:1      | Reached XP level 2. HP: 27/27 MP: 1/1
   764 | D:1      | Reached XP level 3. HP: 33/33 MP: 2/2
  1508 | D:2      | Found a faded altar of an unknown god.
  1581 | D:3      | Noticed Grinder
  1586 | D:3      | Paralysed by Grinder for 5 turns
  1674 | D:3      | HP: 1/33 [Grinder (5)]
  1689 | D:3      | Paralysed by Grinder for 2 turns
  1716 | D:3      | Noticed Ijyb
  1974 | D:3      | Noticed Natasha
  1979 | D:3      | Killed Natasha
  1979 | D:3      | Reached XP level 4. HP: 39/40 MP: 3/3
  2011 | D:3      | Noticed Sigmund
  2025 | D:3      | Slain by a worm

Levels and vault maps discovered:
D:1:      dpeg_arrival_another_circle, layout_loops_ring
D:2:      layout_rooms, chequers_ecumenical_altar_twisty
D:3:      layout_loops_ring, nicolae_qazlal_eye_of_the_storm, uniq_natasha,
          uniq_grinder, uniq_ijyb, uniq_sigmund

Skill      XL: |  1  2  3 |
---------------+----------+-----
Axes           | 3 4 |  4.0
Fighting       | 4 |  4.2
Armour         | 4 |  4.2
Shields        | 4 |  4.2

Action                   |  1- 3 |  4- 6 || total
-------------------------+-------+-------++-------
Melee: War axe           |   117 |     1 ||   118
       Headbutt          |    21 |       ||    21
  Use: Potion            |     3 |       ||     3
  Eat: Chunk             |     2 |     2 ||     4
Armor: Scale mail        |    13 |       ||    13
       Chain mail        |    69 |     1 ||    70
Dodge: Dodged            |    32 |     1 ||    33
Block: Shield            |    64 |     1 ||    65
